 Dungeon Crawl Stone Soup version 0.17-a0-1115-g0372368 (console) character file.

18 Fusha the Skirmisher (level 2, 0/22 HPs)
             Began as an Octopode Wanderer on May 23, 2015.
             Slain by a gnoll
             ... wielding a +0 flail
              (8 damage)
             ... on level 1 of the Dungeon.
             The game lasted 00:05:38 (617 turns).

Fusha the Skirmisher (Octopode Wanderer)             Turns: 617, Time: 00:05:38

Health: 0/22       AC:  1    Str: 13    XL:     2   Next: 70%
Magic:  5/5        EV: 11    Int: 14    God:
Gold:   55         SH:  0    Dex:  9    Spells: 1 memorised, 4 levels left

rFire  . . .     SeeInvis .     b - +0 hand axe
rCold  . . .     Clarity  .     (no shield)
rNeg   . . .     SustAt   .     (helmet restricted)
rPois  .         Gourm    .     (no amulet)
rElec  .         Spirit   .     (no ring)
rCorr  .         Warding  .     (no ring)
rMut   .         Stasis   .     (no ring)
MR     .....                    (no ring)
Stlth  ++........               (no ring)
                                (no ring)
                                (no ring)
                                (no ring)

@: not resistant to hostile enchantments, unstealthy
A: almost no armour, amphibious, 8 rings, constrict 8, camouflage 1, gelatinous
body 1
a: no special abilities


You were on level 1 of the Dungeon.
You were not hungry.

You visited 1 branch of the dungeon, and saw 1 of its levels.

You collected 55 gold pieces.

Inventory:

Hand weapons
 b - a +0 hand axe (weapon)
Magical devices
 a - a wand of enslavement (15)
Scrolls
 e - a scroll of noise {unknown}
 f - a scroll of immolation {unknown}
 g - a scroll of remove curse {unknown}
Books
 c - Iskenderun's Incunabulum of Vitriolic Confrontation

   Spells                             Type                      Level
   a - Sting                          Conjuration/Poison           1
   b - Mephitic Cloud                 Conjuration/Poison/Air       3
Comestibles
 d - a bread ration


   Skills:
 + Level 4.3 Fighting
   Level 1.0 Bows
 + Level 0.6 Dodging
 + Level 0.8 Stealth
 + Level 2.1 Spellcasting
   Level 1.0 Air Magic
 * Level 0.5 Poison Magic
 + Level 2.3 Evocations


You had 4 spell levels left.
You knew the following spells:

 Your Spells              Type           Power        Failure   Level  Hunger
a - Sting                 Conj/Pois      #...         24%         1    ##.....


Dungeon Overview and Level Annotations

Branches:
Dungeon (1/15)

Altars:
Makhleb


Innate Abilities, Weirdness & Mutations

You cannot wear most types of armour.
You are amphibious.
You can wear up to eight rings at the same time.
You can use your tentacles to constrict eight enemies at once.
Your skin changes colour to match your surroundings (Stealth).
Your rubbery body absorbs attacks (AC +1).


Message History

The goblin closely misses you. The goblin barely misses you.
You hit the goblin.
The goblin is moderately wounded.
You constrict the goblin. The goblin misses you.
You hit the goblin.
You kill the goblin!
You start resting.
HP restored.
Found a stone staircase leading down.
A bat comes into view.
You hit the bat.
You kill the bat!
There is a stone staircase leading down here.
A gnoll comes into view. It is wielding a flail.
The gnoll shouts!
You barely miss the gnoll. Your grab misses the gnoll.
The gnoll hits you with a flail!
You hit the gnoll but do no damage. Your grab misses the gnoll.
The gnoll hits you with a flail. The gnoll hits you with a flail!
You die...

≈≈≈.≈≈≈≈≈...#..##.#
≈≈≈≈.≈≈......####.#
..≈≈≈..≈...### #.#
....≈.##≈.#. #.#
########.... #.#
#.### ####. #.#
#...#############.#
..........>.......#
################@##
#...g.# #.#....
#.#### #. #. #


You could see a gnoll.

Vanquished Creatures
  A ball python (D:1)
  5 bats (D:1)
  2 hobgoblins (D:1)
  2 giant newts (D:1)
  3 goblins (D:1)
  2 kobolds (D:1)
  3 rats (D:1)
18 creatures vanquished.

Notes
Turn   | Place    | Note
--------------------------------------------------------------
     0 | D:1      | Fusha the Octopode Wanderer began the quest for the Orb.
     0 | D:1      | Fusha set off with: a wand of enslavement (15), a +0 hand axe, Iskenderun's Incunabulum of Vitriolic Confrontation, a bread ration
     0 | D:1      | Reached XP level 1. HP: 17/17 MP: 3/3
     7 | D:1      | Identified Iskenderun's Incunabulum of Vitriolic Confrontation
    66 | D:1      | Reached XP level 2. HP: 20/22 MP: 5/5
    75 | D:1      | Learned a level 1 spell: Sting
   414 | D:1      | Found a burning altar of Makhleb.
   617 | D:1      | Slain by a gnoll

Vault maps used:
D:1:      dpeg_arrival_subterranean_lakeside_camping, kennysheep_flooded_box,
          st_stairs_6

Action                   || total
-------------------------++-------
Melee: Hand axe          ||    35
 Stab: Sleeping          ||     1
